 Dungeon Crawl Stone Soup version 0.31-a0-859-g9dce7d3444 (webtiles) character file.

Game seed: 16958855192000169177

6299 BinkBink the Cleaver (level 10, -11/80 HPs)
             Began as a Demonspawn Fighter on Oct 10, 2023.
             Was a Believer of Qazlal.
             Mangled by a +2 spectral giant spiked club (19 damage)
             ... created by Erolcha
             ... on level 9 of the Dungeon.
             The game lasted 00:16:41 (8441 turns).

BinkBink the Cleaver (Demonspawn Fighter)           Turns: 8441, Time: 00:16:41

Health: -11/80     AC: 15    Str: 21    XL:     10   Next: 63%
Magic:  10/10      EV:  8    Int: 16    God:    Qazlal [**....]
Gold:   436        SH:  8    Dex: 12    Spells: 9/9 levels left

rFire   . . .        r - +2 war axe (heavy)
rCold   . . .        c - +0 buckler
rNeg    . . .        x - +0 plate armour
rPois   .            k - +0 helmet
rElec   .            (no cloak)
rCorr   .            b - +0 pair of gloves
SInv    .            (no boots)
Will    .....        e - amulet of regeneration Stlth
                     v - +6 ring of intelligence
HPRegen 1.13/turn    (no ring)
MPRegen 0.12/turn

%: no passive effects
@: no status effects
A: hooves 2, powered by death 1, spiny 1, sturdy frame 2
a: Renounce Religion, Upheaval


You were on level 9 of the Dungeon.
You worshipped Qazlal.
Qazlal was pleased with you.
You visited 2 branches of the dungeon, and saw 10 of its levels.

You collected 436 gold pieces.

Inventory:

Hand Weapons
 r - a +2 heavy war axe (weapon)
Missiles
 l - 2 throwing nets (quivered)
Armour
 b - a +0 pair of gloves (worn)
 c - a +0 buckler (worn)
 k - a +0 helmet (worn)
 x - a +0 plate armour (worn)
Jewellery
 e - an amulet of regeneration (around neck)
 v - a +6 ring of intelligence (left hand)
Wands
 a - a wand of flame (45)
 m - a wand of polymorph (16)
 o - a wand of roots (12)
 u - a wand of acid (19)
Scrolls
 f - 4 scrolls of blinking
 g - a scroll of identify
 h - 2 scrolls of noise
 i - 5 scrolls of teleportation
 j - 2 scrolls of poison
Potions
 d - 3 potions of might
 n - a potion of enlightenment


   Skills:
 + Level 7.9 Fighting
 * Level 9.7 Axes
 + Level 7.2 Armour
 + Level 7.2 Shields


You had 9 spell levels left.
You didn't know any spells.
Your spell library contained the following spells:

 Spells                   Type           Power      Damage    Failure   Level
 Magic Dart               Conj           0%         1d3       87%         1
 Searing Ray              Conj           0%         2d4       95%         2
 Wereblood                Tmut           0%         N/A       95%         2
 Call Canine Familiar     Summ           0%         N/A       99%         3
 Sigil of Binding         Hex            0%         N/A       99%         3
 Dimensional Bullseye     Hex/Tloc       0%         N/A       100%        4
 Fulminant Prism          Conj/Hex       0%         3d5       100%        4
 Leda's Liquefaction      Hex/Erth       0%         N/A       100%        4
 Irradiate                Conj/Tmut      0%         3d11      100%        5


Dungeon Overview and Level Annotations

Branches:
Dungeon (9/15)             Temple (1/1) D:5            Lair (0/5) D:8
    Orc: D:9-12

Altars:
Ashenzari
Cheibriados
Dithmenos
Fedhas
Gozag
Hepliaklqana
Kikubaaqudgha
Makhleb
Nemelex Xobeh
Okawaru
Qazlal
Ru
Sif Muna
Trog
Uskayaw
Vehumet
Wu Jian
Yredelemnul

Annotations:
D:4 Grinder
D:9 Erolcha


Innate Abilities, Weirdness & Mutations

You have hoof-like feet.
You regenerate a little health from kills.
You are partially covered in sharp spines.
Your movements are less encumbered by armour. (ER -4)


Message History

You see here a +0 great sword.
You see here a +0 shortbow.
There is a stone staircase leading down here.
You climb downwards.
Erolcha shouts!
There is a stone staircase leading up here.
You climb upwards.
There is a stone staircase leading down here.
There is an open door, spattered with blood here.
Things that are here:
8 poisoned darts; a +0 short sword
Things that are here:
4 poisoned darts; a +0 short sword
There is a stone staircase leading down here.
You climb downwards.
Level annotation: Erolcha
There is a stone staircase leading up here.
Found a halberd.
Erolcha is nearby!
Found a stone staircase leading down.
You hit Erolcha.
Erolcha is lightly wounded.
Erolcha mumbles some strange words.
Erolcha flickers and vanishes!
Deactivating autopickup; reactivate with Ctrl-A.
Something hits you!
The +2 spectral giant spiked club hits you!
A +2 spectral giant spiked club comes into view.
You slash something! Your kick misses something.
You hit the +2 spectral giant spiked club but do no damage.
You block the +2 spectral giant spiked club's attack.
The +2 spectral giant spiked club is struck by your spines.
The +2 spectral giant spiked club hits you!!
The +2 spectral giant spiked club hits you!
* * * LOW HITPOINT WARNING * * *
The +2 spectral giant spiked club barely misses you.
Something hits you!
* * * LOW HITPOINT WARNING * * *
The +2 spectral giant spiked club hits you!!
You die...

###### #....#
#.## #.##.#
...> #.##.#
#.#.#####.##.#
#O#.#.....##.#
#.#.#.######.#
#.#(@........#
#.#{#.########
#<..#.#
#.#.#.#
#.#.#.#
#.#.#.#
#.#.#.#
#.#.#.#
#.#.#.#


You could see a +2 spectral giant spiked club.

Vanquished Creatures
  A deep elf pyromancer (D:7)
  2 manticores (D:8)
  Maggie (D:6)
  Sigmund (D:3)
  3 yaks (D:8)
  A wraith (D:7)
  A vampire mosquito (D:8)
  Grum (D:8)
  2 steam dragons (D:8)
  Menkaure (D:4)
  Edmund (D:4)
  Duvessa (D:4)
  3 water moccasins (D:8)
  4 ice beasts
  2 orc warriors
  2 sky beasts
  A black bear (D:8)
  6 centaurs
  2 wolves (D:8)
  A phantom (D:5)
  3 kobold brigands (D:8)
  Blork the orc (D:5)
  2 bullfrogs
  5 wights
  Dowan (D:4)
  2 howler monkeys (D:8)
  2 hounds
  3 jellies
  An orc priest (D:4)
  2 sleepcaps
  2 iguanas (D:4)
  2 orc wizards
  A mummy (D:6)
  Robin (D:2)
  7 gnolls (D:4)
  10 adders
  2 shadow imps
  5 white imps
  2 ufetubi
  A worm (D:2)
  2 dart slugs
  22 orcs
  7 endoplasms
  2 giant cockroaches
  16 goblins
  5 hobgoblins
  2 jackals (D:4)
  3 quokkas
  9 ball pythons
  2 bats
  6 frilled lizards
  9 kobolds
  7 rats
184 creatures vanquished.

Notes
Turn   | Place    | Note
-------+----------+-------------------------------------------
     0 | D:1      | BinkBink the Demonspawn Fighter began the quest for the
                  | Orb.
     0 | D:1      | Reached XP level 1. HP: 18/18 MP: 1/1
     1 | D:1      | Noticed an electric eel
    60 | D:1      | Reached skill level 2 in Axes
   135 | D:1      | Gained mutation: Your movements are slightly less
                  | encumbered by armour. (ER -2) [demonic ancestry]
   135 | D:1      | Reached XP level 2. HP: 21/24 MP: 2/2
   791 | D:2      | Reached XP level 3. HP: 21/29 MP: 3/3
   928 | D:2      | Noticed Robin
   948 | D:2      | Killed Robin
  1231 | D:2      | Found a faded altar of an unknown god.
  1290 | D:2      | Gained mutation: Your movements are less encumbered by
                  | armour. (ER -4) [demonic ancestry]
  1290 | D:2      | Reached XP level 4. HP: 34/35 MP: 4/4
  1411 | D:2      | Reached skill level 3 in Axes
  2032 | D:3      | Noticed Sigmund
  2375 | D:3      | You fall into a shaft and drop 3 floors!
  2383 | D:5      | Entered Level 5 of the Dungeon
  2398 | D:4      | Noticed Menkaure
  2403 | D:4      | Gained mutation: You regenerate a little health from kills.
                  | [demonic ancestry]
  2403 | D:4      | Reached XP level 5. HP: 27/42 MP: 5/5
  2406 | D:4      | Killed Menkaure
  2407 | D:4      | Gained mutation: You are partially covered in sharp spines.
                  | [demonic ancestry]
  2407 | D:4      | Reached XP level 6. HP: 17/48 MP: 6/6
  2467 | D:4      | Reached skill level 4 in Axes
  2540 | D:3      | Killed Sigmund
  2807 | D:4      | Reached XP level 7. HP: 53/55 MP: 7/7
  2875 | D:4      | Noticed Duvessa
  2891 | D:4      | Noticed Dowan
  2900 | D:4      | Killed Duvessa
  2904 | D:4      | Killed Dowan
  2905 | D:4      | Reached skill level 5 in Axes
  3215 | D:4      | Noticed Grinder
  3350 | D:4      | Noticed Edmund
  3366 | D:4      | Killed Edmund
  3370 | D:4      | Reached skill level 5 in Fighting
  3794 | D:5      | Found a staircase to the Ecumenical Temple.
  3799 | Temple   | Entered the Ecumenical Temple
  3817 | Temple   | Became a worshipper of Qazlal Stormbringer
  3958 | D:5      | Gained mutation: You have large cloven feet. [demonic
                  | ancestry]
  3958 | D:5      | Reached XP level 8. HP: 58/62 MP: 8/8
  3971 | D:5      | Found a shadowy altar of Dithmenos.
  3971 | D:5      | Noticed Blork the orc
  3985 | D:5      | Killed Blork the orc
  4343 | D:5      | Reached skill level 6 in Axes
  4646 | D:6      | Noticed Maggie
  4653 | D:6      | HP: 3/63 [Maggie/bolt of fire (18)]
  4655 | D:6      | Killed Maggie
  4656 | D:6      | Reached skill level 5 in Armour
  4656 | D:6      | Reached skill level 5 in Shields
  4805 | D:6      | Found a snail-covered altar of Cheibriados.
  5086 | D:6      | Found a sacrificial altar of Ru.
  5240 | D:6      | Reached * piety under Qazlal
  5520 | D:7      | Reached skill level 7 in Axes
  5520 | D:7      | Reached XP level 9. HP: 30/69 MP: 9/9
  5918 | D:7      | Noticed a deep elf pyromancer
  6046 | D:7      | Killed a deep elf pyromancer
  6510 | D:7      | Found an ancient bone altar of Kikubaaqudgha.
  6831 | D:7      | Reached skill level 8 in Axes
  7056 | D:7      | Identified a scroll of acquirement
  7056 | D:7      | Acquired an amulet of regeneration
  7132 | D:8      | Noticed Grum
  7140 | D:8      | Killed Grum
  7267 | D:8      | Found a staircase to the Lair.
  7498 | D:8      | Gained mutation: You have hoof-like feet. [demonic
                  | ancestry]
  7498 | D:8      | Reached XP level 10. HP: 79/79 MP: 10/10
  7503 | D:8      | Reached ** piety under Qazlal
  7517 | D:8      | Reached skill level 9 in Axes
  7603 | D:8      | Noticed a manticore
  7653 | D:8      | Noticed a manticore
  7669 | D:8      | Killed a manticore
  7756 | D:8      | Noticed a five-headed hydra
  7762 | D:8      | Killed a manticore
  8318 | D:9      | Noticed Erolcha
  8441 | D:9      | Mangled by a +2 spectral giant spiked club

Illustrated notes

Levels and vault maps discovered:
D:1:      arrival_aquarium_a, layout_basic
D:2:      layout_basic, hellmonk_ecumenical_altar_slurped_away, uniq_robin
D:3:      layout_basic, chequers_serial_rivers_small_b, chequers_arboretum,
          uniq_sigmund
D:4:      layout_loops_ring, uniq_grinder, uniq_edmund, uniq_menkaure,
          uniq_duvessa
D:5:      layout_loops_corners, mainiacjoe_overflow_cross_hatched,
          old_standard_altar, temple_doors_cd, uniq_blork_the_orc
D:6:      layout_basic, slow_altar_1, overflow_temple_1_default,
          roderic_serpentine_path, uniq_maggie
D:7:      layout_gridville, kiku_gazebo_garden_becter, minmay_small_thing
D:8:      minmay_the_grid_triangle_9x9_rhombus_full
          [minmay_the_grid_triangle_9x9_shrine,
          minmay_the_grid_triangle_9x9_swiss_cheese,
          minmay_the_grid_triangle_9x9_odd_lines,
          minmay_the_grid_triangle_9x9_empty,
          minmay_the_grid_triangle_9x9_from_above,
          minmay_the_grid_triangle_9x9_zippers_vertical,
          minmay_the_grid_triangle_9x9_thin_v,
          minmay_the_grid_triangle_9x9_prize_center], layout_basic, special_room
          [special_room_orc], water_boxes_lemuel, uniq_grum
D:9:      layout_basic, uniq_erolcha
Temple:   regret_index_temple_sphere_string

Skill      XL: |  1  2  3  4  5  6  7  8  9 10 |
---------------+-------------------------------+-----
Axes           | 2 3 4 5 7 8 9 |  9.7
Armour         | 3 4 5 6 7 |  7.2
Shields        | 3 4 5 6 7 |  7.2
Fighting       | 4 5 6 7 |  7.9

Action                     |  1- 3 |  4- 6 |  7- 9 | 10-12 || total
---------------------------+-------+-------+-------+-------++-------
  Melee: War axe           |   131 |   110 |   192 |    60 ||   493
         Kick              |       |       |    33 |    21 ||    54
  Throw: Throwing net      |       |       |     1 |       ||     1
    Use: Scroll            |     3 |     2 |     9 |     2 ||    16
         Potion            |       |       |     3 |     2 ||     5
   Stab: Sleeping          |       |       |     1 |       ||     1
 Armour: Scale mail        |    87 |    79 |    66 |       ||   232
         Swamp dragon scal |       |       |    64 |       ||    64
         Plate armour      |       |       |    30 |    94 ||   124
  Dodge: Dodged            |    56 |    67 |    87 |    33 ||   243
  Block: Buckler           |    42 |    25 |    52 |    36 ||   155

Table legend: (Time is in decaauts)
 A = Elapsed time spent in this place.
 B = Non-inter-level travel time spent in this place.
 C = Inter-level travel time spent in this place.
 D = Time resting spent in this place.
 E = Time spent auto-exploring this place.
 F = Levels seen in this place.
 G = Mean time per level.
                   A        B        C        D        E       F      G
               +--------+--------+--------+--------+--------+-----+--------+
         Total |   8661 |   8379 |    282 |    585 |   6043 |  10 |  866.1 |
       Dungeon |   8627 |   8377 |    250 |    585 |   6043 |   9 |  958.6 |
        Temple |     34 |      2 |     32 |      0 |      0 |   1 |   34.0 |
               +--------+--------+--------+--------+--------+-----+--------+

Top non-repeatable levels by time:
     D:7: 1564 daAuts
     D:2: 1324 daAuts
     D:8: 1290 daAuts
     D:4: 1044 daAuts
     D:6: 992 daAuts
     D:5: 903 daAuts
     D:1: 749 daAuts
     D:3: 681 daAuts
     D:9: 76 daAuts
  Temple: 34 daAuts
